 Dungeon Crawl Stone Soup version 0.28.0-43-g3370ac3207 (webtiles) character file.

Game seed: 6080463657577760093

218 pkoi the Ruffian (level 5, 0/53 HPs)
             Began as a Troll Monk on Mar 22, 2022.
             Slain by a kobold
             ... wielding a +0 whip
              (5 damage)
             ... on level 4 of the Dungeon.
             The game lasted 00:03:00 (2128 turns).

pkoi the Ruffian (Troll Monk)                       Turns: 2128, Time: 00:03:01

Health: 0/53       AC:  5    Str: 21    XL:     5   Next: 63%
Magic:  4/4        EV: 10    Int:  6    God:
Gold:   184        SH:  0    Dex: 12    Spells: 4/4 levels left

rFire   . . .      SeeInvis .     - Unarmed
rCold   . . .      Faith    .   (no shield)
rNeg    . . .      Spirit   .   a - +1 robe
rPois   .          Reflect  .   (helmet restricted)
rElec   .          Harm     .   (no cloak)
rCorr   +          Rampage  .   (gloves unavailable)
Will    .....                   (boots unavailable)
Stlth   ++........              (no amulet)
HPRegen 0.97/turn               b - ring of resist corrosion
MPRegen 0.09/turn               (no ring)

@: no status effects
A: large, unfitting armour, claws 3, regeneration 1, shaggy fur 1, tough skin 1
a: no special abilities


You were on level 4 of the Dungeon.
You visited 1 branch of the dungeon, and saw 4 of its levels.

You collected 184 gold pieces.

Inventory:

Armour
 a - a +1 robe (worn)
Jewellery
 b - a ring of resist corrosion (left claw)
Potions
 d - a potion of cancellation
 f - a potion of haste {unknown}
 g - 2 potions of brilliance {unknown}


   Skills:
 + Level 3.5 Fighting
 - Level 2.4 Dodging
 - Level 1.0 Stealth
 * Level 5.5 Unarmed Combat


You had 4 spell levels left.
You didn't know any spells.
Your spell library contained the following spells:

 Spells                   Type           Power      Damage    Failure   Level
 Frozen Ramparts          Ice            0%         1d2       83%         3
 Cause Fear               Hex            0%         N/A       99%         4
 Ice Form                 Ice/Tmut       0%         N/A       99%         4
 Summon Ice Beast         Ice/Summ       0%         N/A       99%         4
 Dragon Form              Tmut           0%         N/A       100%        7
 Dragon's Call            Summ           0%         N/A       100%        9


Dungeon Overview and Level Annotations

Branches:
Dungeon (4/15)
 Temple: D:4-7

Altars:


Innate Abilities, Weirdness & Mutations

You are too large for most types of armour.
You have claws for hands.
Your natural rate of healing is unusually fast.
You are covered in fur. (AC +1)
You have tough skin. (AC +1)


Message History

* * * LOW HITPOINT WARNING * * *
The kobold closely misses you.
Unknown command.
You barely miss the water moccasin skeleton.
You claw the water moccasin skeleton.
The water moccasin skeleton is severely damaged.
Unknown command.
You scratch the orc.
The orc is lightly wounded.
The kobold hits you but does no damage.
The orc priest casts a cantrip, but nothing happens.
Unknown command.
You scratch the orc but do no damage.
The orc is lightly wounded.
The kobold hits you but does no damage. The orc hits you with a +0 war axe!
* * * LOW HITPOINT WARNING * * *
Unknown command.
You claw the orc!
You kill the orc!
The kobold closely misses you.
Unknown command.
You claw the water moccasin skeleton!
You destroy the water moccasin skeleton!
The kobold hits you but does no damage.
An orc comes into view. It is wielding a +0 club.
Unknown command.
You barely miss the orc. The kobold hits you with a +0 whip.
* * * LOW HITPOINT WARNING * * *
The orc hits you with a +0 morningstar.
* * * LOW HITPOINT WARNING * * *
Unknown command.
The orc shouts!
You claw the orc!
You kill the orc!
The kobold hits you with a +0 whip.
* * * LOW HITPOINT WARNING * * *
Unknown command.
It was a potion of cancellation.
You feel magically purged. The kobold hits you with a +0 whip.
You die...

*,,,,,,,,* ***,,.....#
**,,,,,....#*
*******,,,,,,#....*
,,**,,,,.,,,##...#*
,,,,,,,,..###....#
,***,,,,.........#
,**,,,,,.......K.## ###
,***,,,,#...(..o@.###.##
,**,,,,,...o...##......####
,,,,,,,,.......*#.......#.#
,**,,,,,........#.........##
,,*,,,,,...................#
,,**,*,,....?..#....#.....##
*,**,,,,....#..#..####....#
,,,,,,,,....##......,#....##
,,,,,*,,,,,,,#.#.....##....###


You could see an orc priest, an orc and a kobold.

Vanquished Creatures
  A water moccasin skeleton (D:4)
  Robin (D:2)
  A gnoll (D:1)
  3 adders
  A dart slug (D:3)
  10 orcs
  9 endoplasms
  5 giant cockroaches
  21 goblins
  14 hobgoblins
  4 jackals (D:1)
  3 quokkas
  6 ball pythons
  3 bats
  5 frilled lizards
  7 kobolds
  5 rats
99 creatures vanquished.

Notes
Turn   | Place    | Note
-------+----------+-------------------------------------------
     0 | D:1      | pkoi the Troll Monk began the quest for the Orb.
     0 | D:1      | Reached XP level 1. HP: 22/22 MP: 0/0
    62 | D:1      | Reached XP level 2. HP: 29/29 MP: 1/1
   209 | D:1      | Found a faded altar of an unknown god.
   241 | D:1      | Reached XP level 3. HP: 36/36 MP: 2/2
   306 | D:1      | Reached skill level 4 in Unarmed Combat
   603 | D:2      | Reached XP level 4. HP: 45/45 MP: 3/3
   894 | D:2      | Noticed Robin
   911 | D:2      | Killed Robin
  1241 | D:3      | Reached skill level 5 in Unarmed Combat
  1289 | D:3      | Reached XP level 5. HP: 53/53 MP: 4/4
  2128 | D:4      | Slain by a kobold

Illustrated notes

Levels and vault maps discovered:
D:1:      saegor_arrival_simple_d, layout_rooms,
          hellmonk_ecumenical_altar_slurped_away, minmay_misc_feat_more_columns,
          kennysheep_decorative_pillar
D:2:      layout_loops_cross, minivault_14, minmay_pentomino_z4, uniq_robin
D:3:      layout_loops_ring, minivault_5
D:4:      layout_cave_pools

Skill      XL: |  1  2  3  4 |
---------------+-------------+-----
Unarmed Combat | 4 5 |  5.5
Fighting       | 3 |  3.5
Dodging        | |  2.4
Stealth        | |  1.0

Action                   |  1- 3 |  4- 6 || total
-------------------------+-------+-------++-------
Melee: Unarmed           |    77 |   140 ||   217
       Punch             |     2 |     5 ||     7
  Use: Scroll            |       |     6 ||     6
       Potion            |       |     1 ||     1
 Stab: Sleeping          |       |     2 ||     2
Armor: Robe              |    24 |    34 ||    58
Dodge: Dodged            |    36 |    49 ||    85
